 Dungeon Crawl Stone Soup version 0.29-a0-22-gbf593b16ee (webtiles) character file.

Game seed: 9821374442285784520

388 Ajdolov the Magician (level 7, -5/45 HPs)
             Began as a Djinni Conjurer on Jan 29, 2022.
             Slain by an orc warrior (19 damage)
             ... on level 6 of the Dungeon.
             The game lasted 00:11:52 (3747 turns).

Ajdolov the Magician (Djinni Conjurer)              Turns: 3747, Time: 00:11:52

Health: -5/45      AC:  2    Str:  6    XL:     7   Next: 7%
Gold:   80         EV: 12    Int: 22    God:
                   SH:  0    Dex: 11

rFire   + + .      SeeInvis .   k - +3 whip
rCold   x . .      Faith    .   (no shield)
rNeg    . . .      Spirit   .   a - +0 robe
rPois   ∞          Reflect  .   (no helmet)
rElec   .          Harm     .   (no cloak)
rCorr   .          Rampage  .   (no gloves)
Will    .....                   (boots unavailable)
Stlth   ++........              (no amulet)
HPRegen 0.15/turn               (no ring)
MPRegen 0.00/turn               (no ring)

@: flying
A: sickness immunity, fire resistance 2, cold vulnerability 1, float, innate
caster, HP casting, extra vitality 1
a: no special abilities


You were on level 6 of the Dungeon.
You visited 1 branch of the dungeon, and saw 5 of its levels.

You collected 80 gold pieces.

Inventory:

Hand Weapons
 k - a +3 whip (weapon)
Armour
 a - a +0 robe (worn)
Scrolls
 b - 2 scrolls of identify {unknown}
 d - 2 scrolls of fear {unknown}
 f - a scroll of magic mapping {unknown}
 g - 2 scrolls of teleportation
 i - a scroll of enchant weapon {unknown}
Potions
 e - a potion of curing {unknown}
 h - a potion of lignification {unknown}
 j - 2 potions of flight {unknown}


   Skills:
 - Level 2.1 Dodging
 - Level 1.5 Stealth
 * Level 6.1 Spellcasting


You couldn't memorise any spells.
You knew the following spells:

 Your Spells              Type           Power      Damage    Failure   Level
a - Magic Dart            Conj           100%       1d8       1%          1
b - Searing Ray           Conj           68%        2d6       1%          2
c - Dazzling Flash        Conj/Hex       68%        N/A       2%          3
d - Fulminant Prism       Conj/Hex       17%        3d11      7%          4
e - Iskenderun's Mystic   Conj/Tloc      34%        2d8       7%          4
f - Apportation           Tloc           68%        N/A       1%          1
g - Call Imp              Summ           34%        N/A       1%          2
h - Lesser Beckoning      Tloc           34%        N/A       2%          3
Your spell library was empty.

Dungeon Overview and Level Annotations

Branches:
Dungeon (6/15)
 Temple: D:4-7

Altars:
Ashenzari
Uskayaw


Innate Abilities, Weirdness & Mutations

You are immune to sickness and miasma.
You are immune to poison.
Your flesh is very heat resistant. (rF++)
You are vulnerable to cold. (rC-)
You float through the air rather than walking.
You learn spells naturally, not from books.
Your magical power is your life essence.
You have superior vitality. (+4 MHP)


Message History

The adder is severely wounded.
The adder hisses angrily. (Press . to maintain the ray.)
The searing ray misses the adder.
The adder bites you.
The searing ray hits the adder.
You kill the adder!
Unknown command.
There is a stone staircase leading up here.
You fly upwards.
Found 19 sling bullets and 12 stones.
There is a stone staircase leading down here.
You start resting.
HP restored.
Unknown command.
Found a broken altar of Ashenzari.
There is a broken altar of Ashenzari here.
You hover solemnly before the altar of Ashenzari.
Unknown command.
Press < or > to pray at altars.
There is a stone staircase leading down here.
You fly downwards.
There is a stone staircase leading up here.
Casting: Searing Ray (safe; 1% risk of failure)
Confirm with . or Enter, or press ? or * to list all spells.
Casting: Dazzling Flash (dangerous; 2% risk of failure)
Press: ? - help, Dir - look around, f - activate The orc warrior is dazzled.
The orc warrior hits you from afar with a +0 glaive!
Casting: Dazzling Flash (dangerous; 2% risk of failure)
Confirm with . or Enter, or press ? or * to list all spells.
Aiming: Fulminant Prism (dangerous; 7% risk of failure)
Press: ? - help, Dir - move target You conjure a prism of explosive energy!
A fulminant prism comes into view.
The orc warrior is no longer blind.
The orc warrior hits you from afar with a +0 glaive!
* * * LOW HITPOINT WARNING * * *
Your fulminant prism crackles loudly.
The orc warrior hits you from afar with a +0 glaive!!
You die...

###.################
......)......o...#
###.############.#
#.# #.# #.. #*# ####
#<# #o# #.# #@# #.#
#.. ## #### #...#
....# #...# ... ##


You could see an orc warrior (ally target) and a friendly fulminant prism.

Vanquished Creatures
  An ogre (D:6)
  A bullfrog (D:6)
  A bullfrog zombie (D:6)
  A hound (D:3)
  An iguana (D:6)
  Natasha (twice) (D:3)
  4 adders
  A white imp (D:6)
  A worm (D:2)
  A dart slug (D:2)
  3 orcs (D:6)
  3 endoplasms
  2 giant cockroaches
  3 goblins
  3 hobgoblins
  2 jackals (D:3)
  A quokka (D:2)
  6 ball pythons
  3 bats
  8 kobolds
  8 rats
56 creatures vanquished.

Notes
Turn   | Place    | Note
-------+----------+-------------------------------------------
     0 | D:1      | Ajdolov the Djinni Conjurer began the quest for the Orb.
     0 | D:1      | Reached XP level 1. HP: 15/15 MP: 0/0
   502 | D:1      | Reached XP level 2. HP: 21/21 MP: 0/0
  1283 | D:2      | Reached XP level 3. HP: 20/25 MP: 0/0
  1283 | D:2      | Learned a level 1 spell: Apportation
  1386 | D:2      | Found a faded altar of an unknown god.
  1580 | D:2      | Reached skill level 4 in Spellcasting
  2257 | D:3      | Reached XP level 4. HP: 27/31 MP: 0/0
  2819 | D:3      | Reached XP level 5. HP: 34/35 MP: 0/0
  2819 | D:3      | Learned a level 2 spell: Call Imp
  2832 | D:3      | Noticed Natasha
  2842 | D:3      | Killed Natasha
  2883 | D:3      | Noticed Natasha
  2889 | D:3      | Killed Natasha
  2890 | D:3      | Reached skill level 5 in Spellcasting
  2958 | D:3      | Found a hide-covered altar of Uskayaw.
  2978 | D:3      | You are sucked into a shaft and drop 3 floors!
  2978 | D:6      | Noticed a water moccasin
  2978 | D:6      | Noticed a phantom
  2980 | D:6      | Noticed a water moccasin
  3075 | D:6      | Reached XP level 6. HP: 3/40 MP: 0/0
  3405 | D:6      | Noticed an ogre
  3571 | D:6      | Noticed an ogre
  3588 | D:6      | Noticed an orc warrior
  3607 | D:6      | Killed an ogre
  3608 | D:6      | Reached skill level 6 in Spellcasting
  3608 | D:6      | Reached XP level 7. HP: 33/45 MP: 0/0
  3608 | D:6      | Learned a level 3 spell: Lesser Beckoning
  3619 | D:5      | Entered Level 5 of the Dungeon
  3722 | D:5      | Found a broken altar of Ashenzari.
  3747 | D:6      | Slain by an orc warrior

Illustrated notes

Levels and vault maps discovered:
D:1:      wheals_arrival_shading, layout_basic, grunt_decor_arrowhead,
          serial_bayou_pond_e, serial_bayou_lake_a
D:2:      layout_rooms, shapermc_ecumenical_altar_gd
D:3:      layout_rooms, nicolae_uskayaw_dance_hall, marbit_many_paths,
          uniq_natasha
D:5:      layout_loops_cross, nicolae_overflow_hidden_temple,
          mainiacjoe_overflow_paths, kennysheep_generic_room_10, uniq_pikel,
          uniq_prince_ribbit1
D:6:      layout_loops_ring, cheibrodos_sewer_entry_bend, minmay_between

Skill      XL: |  1  2  3  4  5  6 |
---------------+-------------------+-----
Spellcasting   | 4 5 6 |  6.1
Dodging        | |  2.1
Stealth        | |  1.5

Action                   |  1- 3 |  4- 6 |  7- 9 || total
-------------------------+-------+-------+-------++-------
Melee: Whip              |    28 |    17 |       ||    45
       Unarmed           |     5 |       |       ||     5
 Cast: Magic Dart        |    59 |    21 |       ||    80
       Searing Ray       |     3 |    11 |     1 ||    15
       Call Imp          |       |     4 |       ||     4
       Apportation       |       |     1 |       ||     1
       Fulminant Prism   |       |       |     1 ||     1
       Dazzling Flash    |       |       |     1 ||     1
  Use: Scroll            |       |     1 |       ||     1
 Stab: Sleeping          |       |     1 |       ||     1
Armor: Robe              |    15 |     1 |       ||    16
Dodge: Dodged            |    31 |    31 |       ||    62

Table legend: (Time is in decaauts)
 A = Elapsed time spent in this place.
 B = Non-inter-level travel time spent in this place.
 C = Inter-level travel time spent in this place.
 D = Time resting spent in this place.
 E = Time spent auto-exploring this place.
 F = Levels seen in this place.
 G = Mean time per level.
                   A        B        C        D        E       F      G
               +--------+--------+--------+--------+--------+-----+--------+
         Total |   3750 |   3704 |     46 |   1197 |   2007 |   5 |  750.0 |
       Dungeon |   3750 |   3704 |     46 |   1197 |   2007 |   5 |  750.0 |
               +--------+--------+--------+--------+--------+-----+--------+

Top non-repeatable levels by time:
     D:2: 1246 daAuts
     D:1: 939 daAuts
     D:3: 796 daAuts
     D:6: 647 daAuts
     D:5: 121 daAuts
